 Dungeon Crawl Stone Soup version 0.30-a0-702-gdf48620a09 (webtiles) character file.

Game seed: 5413978276834221302

34 Zdeegee the Shooter (level 3, -7/30 HPs)
             Began as a Minotaur Hunter on Jan 21, 2023.
             Killed by divine providence
             ... invoked by an orc priest
              (15 damage)
             ... on level 2 of the Dungeon.
             The game lasted 00:01:41 (1372 turns).

Zdeegee the Shooter (Minotaur Hunter)               Turns: 1372, Time: 00:01:42

Health: -7/30      AC:  3    Str: 17    XL:     3   Next: 14%
Magic:  2/2        EV: 12    Int:  6    God:
Gold:   27         SH:  0    Dex: 13    Spells: 2/2 levels left

rFire   . . .      SeeInvis .    a - +0 shortbow
rCold   . . .      Faith    .    (shield currently unavailable)
rNeg    . . .      Spirit   .    c - +0 leather armour
rPois   .          Reflect  .    (helmet restricted)
rElec   .          Harm     .    (no cloak)
rCorr   .          Rampage  .    (no gloves)
Will    .....                    (no boots)
Stlth   +                        (no amulet)
HPRegen 0.25/turn                (no ring)
MPRegen 0.08/turn                (no ring)

@: no status effects
A: horns 2, retaliatory headbutt
a: no special abilities


You were on level 2 of the Dungeon.
You visited 1 branch of the dungeon, and saw 2 of its levels.

You collected 27 gold pieces.

Inventory:

Hand Weapons
 a - a +0 shortbow (weapon)
Missiles
 d - 13 stones
Armour
 c - a +0 leather armour (worn)
Scrolls
 b - a scroll of immolation
 f - a scroll of fear {unknown}
 g - a scroll of amnesia {unknown}
Potions
 e - a potion of curing {unknown}


   Skills:
 * Level 2.7 Fighting
 * Level 4.9 Ranged Weapons
 * Level 0.4 Throwing
 * Level 1.0 Armour
 + Level 2.2 Dodging
 + Level 0.7 Stealth
 * Level 1.1 Shields
 * Level 0.1 Invocations


You had 2 spell levels left.
You didn't know any spells.
Your spell library contained the following spells:

 Spells                   Type           Power      Damage    Failure   Level
 Cigotuvi's Dreadful Rot  Necr/Pois/Air  0%         N/A       65%         2
 Poisonous Vapours        Pois/Air       0%         N/A       65%         2
 Mephitic Cloud           Conj/Pois/Air  0%         N/A       87%         3


Dungeon Overview and Level Annotations

Branches:
Dungeon (2/15)

Altars:


Innate Abilities, Weirdness & Mutations

You have a pair of horns on your head.
You reflexively headbutt those who attack you in melee.


Message History

You kill the orc!
No target in view!
No target in view!
Found a ring mail.
d - 13 stones (gained 1)
g - a scroll labelled DESCHU GOAMUFFEM You see here a +0 scale mail.
There is a stone staircase leading down here.
An orc priest comes into view. It is wielding a +0 hand axe.
The orc priest shouts!
A ball python comes into view.
An orc priest comes into view. It is wielding a +0 trident.
Sorry, you're not good enough to have a special ability.
You shoot an arrow.
The arrow closely misses the orc priest.
The ball python hisses angrily.
The arrow hits the orc priest!
The orc priest is heavily wounded.
The orc priest calls down the wrath of Beogh upon you.
Pain shoots through your body!
Unknown command.
You shoot an arrow. The arrow hits the orc priest!
The orc priest is heavily wounded.
The orc priest mumbles some strange prayers to Beogh against you.
Beogh smites you!
Fire: a) +0 shortbow
Press: ? - help, Q - select action, (/) - cycle Shift-Dir - straight line, f/p - orc priest
Aim: an orc priest, wielding a +0 hand axe and wearing a +0 leather armour (heavily wounded, 60% to hit)
You shoot an arrow.
The arrow hits the orc priest but does no damage.
The orc priest is heavily wounded.
The orc priest hits you from afar with a +0 trident.
The orc priest hits you but does no damage.
The ball python closely misses you. The ball python barely misses you.
The orc priest hits you from afar with a +0 trident.
* * * LOW HITPOINT WARNING * * *
The orc priest calls down the wrath of Beogh upon you.
Beogh smites you!
Ouch! That really hurt!
You die...

... #.# #.# .... #.#
..#.## .....
##.###....####
......#............#
......#÷<÷.........#
..............<....#
#....#............##
#.#.........o..)....
#.#.##......@So.....
#.................##
##.####[.#............#
#.........####...##...#
#.......[># ...........
#............##.######..
#.........##....# .
#......$.... ....
#.......?.### #.#


You could see 2 orc priests and a ball python.

Vanquished Creatures
  An adder (D:1)
  An orc (D:2)
  4 ball pythons
  3 endoplasms (D:1)
  A giant cockroach (D:1)
  4 goblins (D:1)
  A bat (D:1)
  2 frilled lizards (D:1)
  4 kobolds (D:1)
  A rat (D:1)
22 creatures vanquished.

Notes
Turn   | Place    | Note
-------+----------+-------------------------------------------
     0 | D:1      | Zdeegee the Minotaur Hunter began the quest for the Orb.
     0 | D:1      | Reached XP level 1. HP: 18/18 MP: 0/0
   197 | D:1      | Reached XP level 2. HP: 25/25 MP: 1/1
   219 | D:1      | Found a faded altar of an unknown god.
  1167 | D:1      | Reached skill level 1 in Armour
  1167 | D:1      | Reached skill level 1 in Shields
  1167 | D:1      | Reached XP level 3. HP: 10/30 MP: 2/2
  1372 | D:2      | Killed from afar by an orc priest

Illustrated notes

Levels and vault maps discovered:
D:1:      dpeg_arrival_chambers_temple_mockup, layout_loops_corners,
          basic_ecumenical_altar, nicolae_hexahallways
D:2:      layout_rooms

Skill      XL: |  1  2 |
---------------+-------+-----
Armour         | 1 |  1.0
Shields        | 1 |  1.1
Fighting       | |  2.7
Ranged Weapons | |  4.9
Throwing       | |  0.4
Dodging        | |  2.2
Stealth        | |  0.7
Invocations    | |  0.1

Action                   || total
-------------------------++-------
 Fire: Shortbow          ||    48
Armor: Leather armour    ||    12
Dodge: Dodged            ||    35

Table legend: (Time is in decaauts)
 A = Elapsed time spent in this place.
 B = Non-inter-level travel time spent in this place.
 C = Inter-level travel time spent in this place.
 D = Time resting spent in this place.
 E = Time spent auto-exploring this place.
 F = Levels seen in this place.
 G = Mean time per level.
                   A        B        C        D        E       F      G
               +--------+--------+--------+--------+--------+-----+--------+
         Total |   1386 |   1335 |     51 |    178 |   1047 |   2 |  693.0 |
       Dungeon |   1386 |   1335 |     51 |    178 |   1047 |   2 |  693.0 |
               +--------+--------+--------+--------+--------+-----+--------+

Top non-repeatable levels by time:
     D:1: 1337 daAuts
     D:2: 49 daAuts
